 Dungeon Crawl Stone Soup version 0.31-a0-1616-gbeaec30b81 (webtiles) character file.

Game seed: 10620202974018851600

161 shadizar the Covered (level 5, 0/33 HPs)
             Began as a Gargoyle Fighter on Jan 10, 2024.
             Killed by divine providence
             ... invoked by an orc priest
              (13 damage)
             ... on level 3 of the Dungeon.
             The game lasted 00:03:07 (2139 turns).

shadizar the Covered (Gargoyle Fighter)             Turns: 2139, Time: 00:03:08

Health: 0/33       AC: 13    Str: 21    XL:     5   Next: 42%
Magic:  5/5        EV:  9    Int:  9    God:
Gold:   46         SH:  9    Dex:  9    Spells: 4/4 levels left

rFire   . . .        a - +0 flail
rCold   . . .        c - +0 buckler
rNeg    + . .        b - +0 scale mail
rPois   ∞            (no helmet)
rElec   +            j - +0 cloak
rCorr   .            (no gloves)
SInv    .            s - +0 pair of boots
Will    .....        e - amulet of reflection Stlth
                     (no ring)
HPRegen 0.25/turn    (no ring)
MPRegen 0.09/turn

%: reflection
@: no status effects
A: sickness immunity, AC +4, negative energy resistance 1, electricity
resistance, torment resistance 1, petrification resistance
a: no special abilities


You were on level 3 of the Dungeon.
You visited 1 branch of the dungeon, and saw 3 of its levels.

You collected 46 gold pieces.

Inventory:

Hand Weapons
 a - a +0 flail (weapon)
 l - a +0 whip of holy wrath
Armour
 b - a +0 scale mail (worn)
 c - a +0 buckler (worn)
 j - a +0 cloak (worn)
 s - a +0 pair of boots (worn)
Jewellery
 e - an amulet of reflection (around neck)
 r - an amulet of magic regeneration
Wands
 n - a wand of charming (6)
 t - a wand of roots (3)
Scrolls
 g - a scroll of blinking {unknown}
 i - a scroll of immolation {unknown}
 m - a scroll of teleportation {unknown}
 o - a scroll of vulnerability {unknown}
 p - a scroll of identify {unknown}
Potions
 d - a potion of might
 f - 2 potions of brilliance {unknown}
 h - a potion of enlightenment {unknown}
 k - 2 potions of degeneration {unknown}
 q - a potion of mutation {unknown}


   Skills:
 + Level 4.0 Fighting
 + Level 3.0 Maces & Flails
 + Level 4.1 Armour
 + Level 1.6 Dodging
 + Level 4.1 Shields


You had 4 spell levels left.
You didn't know any spells.
Your spell library contained the following spells:

 Spells                   Type           Power      Damage    Failure   Level
 Dazzling Flash           Conj/Hex       0%         N/A       98%         3
 Tukima's Dance           Hex            0%         N/A       98%         3
 Volatile Blastmotes      Fire/Tloc      0%         2d10      98%         3
 Animate Dead             Necr           0%         N/A       100%        4
 Dimensional Bullseye     Hex/Tloc       0%         N/A       100%        4
 Fulminant Prism          Conj/Alch      0%         3d5       100%        4
 Iskenderun's Mystic Bla  Conj/Tloc      0%         2d3       100%        4
 Starburst                Conj/Fire      0%         6d3       100%        6
 Haunt                    Necr/Summ      0%         N/A       100%        7
 Infestation              Necr           0%         N/A       100%        8
 Maxwell's Capacitive Co  Air            0%         ∞         100%        8


Dungeon Overview and Level Annotations

Branches:
Dungeon (3/15)

Altars:
Vehumet


Innate Abilities, Weirdness & Mutations

You are immune to sickness and miasma.
Your stone body is resilient. (AC +4)
You are immune to poison.
You resist negative energy. (rN+)
You are resistant to electric shocks. (rElec)
You are resistant to unholy torment.
You are immune to petrification.


Message History

You sock the orc wizard!
The orc wizard is heavily wounded.
You block the bat's attack.
The orc wizard mumbles some strange words.
The orc wizard flickers and vanishes!
Deactivating autopickup; reactivate with Ctrl-A.
You thump the orc priest!
The orc priest is heavily wounded.
You block the bat's attack.
The orc priest looks encouraged for a moment.
Something hits you but does no damage. The bat hits you but does no damage.
Something completely misses you.
The orc priest mumbles some strange prayers to Beogh against you.
Beogh smites you!
You completely miss the orc priest.
The orc priest is heavily wounded.
The bat hits you but does no damage. You block the bat's attack.
The orc misses you.
The orc priest invokes the aid of Beogh against you.
Pain shoots through your body!
You hear some strange, mumbled words.
A magic dart appears from out of thin air!
The magic dart hits you.
You hit the orc priest.
The orc priest is almost dead.
The bat barely misses you. The orc hits you but does no damage.
The orc priest calls down the wrath of Beogh upon you.
Pain shoots through your body!
You hear some strange, mumbled words.
Something tries to affect you, but you resist.
Unknown command.
Unknown command.
Unknown command.
Unknown command.
The bat completely misses you. The orc attacks as it pursues you!
You block the orc's attack. You block the bat's attack.
The orc priest calls down the wrath of Beogh upon you.
Beogh smites you!
You die...

.......#..
.......#..
........ #
......# #
#######....$####
##
......>{o......
..
######oo.....#
#######
......b.o...##
.......
.......@..#.#
#.####
............#
#.#.(#
.........#####.#
+.+..#
.........#
#.####.##'#
(........#
#..........
...####.##
#.####.##'# ...
#.# #.#..#.#..#
.. #.#
#.#..'.+..# #.#
#.#+##.####


You could see 2 orc priests, 2 orcs and a bat.

Vanquished Creatures
  A scorpion (D:3)
  2 adders (D:3)
  3 dart slugs
  2 ribbon worms
  12 bats
  8 endoplasms
  3 giant cockroaches
  5 goblins
  4 hobgoblins
  6 jackals
  A quokka (D:1)
  4 ball pythons
  4 frilled lizards
  9 kobolds
  5 rats
69 creatures vanquished.

Notes
Turn   | Place    | Note
-------+----------+-------------------------------------------
     0 | D:1      | shadizar the Gargoyle Fighter began the quest for the Orb.
     0 | D:1      | Reached XP level 1. HP: 14/14 MP: 1/1
    82 | D:1      | Reached XP level 2. HP: 14/19 MP: 2/2
   735 | D:1      | Reached XP level 3. HP: 23/23 MP: 3/3
  1203 | D:2      | Found a radiant altar of Vehumet.
  1268 | D:2      | Reached skill level 1 in Dodging
  1511 | D:2      | Reached XP level 4. HP: 29/29 MP: 4/4
  1731 | D:3      | Noticed a scorpion
  1744 | D:3      | Killed a scorpion
  1745 | D:3      | Reached XP level 5. HP: 32/33 MP: 5/5
  2139 | D:3      | Killed from afar by an orc priest

Illustrated notes

Levels and vault maps discovered:
D:1:      psy_arrival_radial01, layout_basic, serial_forest,
          infiniplex_forest_clump_medium, infiniplex_forest_lined_2,
          infiniplex_forest_clump_C, infiniplex_forest_end_2,
          infiniplex_forest_corner_1, infiniplex_forest_lined_4_way,
          infiniplex_forest_clump_tiny, hangedman_decor_slide_cut,
          serial_bayou_lagoon_a, minivault_25, minivault_4
D:2:      layout_rooms, basic_altar
D:3:      minmay_door_path, layout_basic

Skill      XL: |  1  2  3  4  5 |
---------------+----------------+-----
Dodging        | 1 |  1.6
Armour         | 4 |  4.1
Shields        | 4 |  4.1
Fighting       | 4 |  4.0
Maces & Flails | 3 |  3.0

Action                     |  1- 3 |  4- 6 || total
---------------------------+-------+-------++-------
  Melee: Flail             |   171 |   103 ||   274
 Armour: Scale mail        |   149 |    72 ||   221
  Dodge: Dodged            |   109 |    40 ||   149
  Block: Buckler           |    78 |    62 ||   140
         Reflection        |       |     1 ||     1

Table legend: (Time is in decaauts)
 A = Elapsed time spent in this place.
 B = Non-inter-level travel time spent in this place.
 C = Inter-level travel time spent in this place.
 D = Time resting spent in this place.
 E = Time spent auto-exploring this place.
 F = Levels seen in this place.
 G = Mean time per level.
                   A        B        C        D        E       F      G
               +--------+--------+--------+--------+--------+-----+--------+
         Total |   2237 |   2161 |     76 |      0 |   1500 |   3 |  745.7 |
       Dungeon |   2237 |   2161 |     76 |      0 |   1500 |   3 |  745.7 |
               +--------+--------+--------+--------+--------+-----+--------+

Top non-repeatable levels by time:
     D:1: 1366 daAuts
     D:3: 458 daAuts
     D:2: 412 daAuts
